 Dungeon Crawl Stone Soup version 0.31-a0-229-g1fc7ce93e2 (webtiles) character file.

Game seed: 12830177487305718001

6059 qw the Marksminotaur (level 10, -11/88 HPs)
             Began as a Minotaur Hexslinger on July 6, 2023.
             Was an Initiate of Okawaru.
             Mangled by Gastronok (27 damage)
             ... on level 9 of the Dungeon.
             The game lasted 00:03:45 (8775 turns).

qw the Marksminotaur (Minotaur Hexslinger)          Turns: 8775, Time: 00:03:46

Health: -11/88     AC: 16    Str: 19    XL:     10   Next: 57%
Magic:  9/11       EV: 19    Int: 10    God:    Okawaru [......]
Gold:   267        SH:  0    Dex: 13    Spells: 10/11 levels left

rFire   . . .        Y - +1 shortbow
rCold   . . .        (shield currently unavailable)
rNeg    + . .        c - +4 ring mail
rPois   +            o - +2 hat
rElec   .            (no cloak)
rCorr   +            i - +1 pair of gloves
SInv    .            e - +0 pair of boots
Will    .....        (no amulet)
Stlth   ++           d - +5 ring of evasion
HPRegen 0.34/turn    q - ring "Viasijan" {rPois rN+ rCorr Str+6 Dex-4}
MPRegen 0.12/turn

%: no passive effects
@: heroic, slowed, very slow
A: horns 2, retaliatory headbutt
a: Renounce Religion


You were on level 9 of the Dungeon.
You worshipped Okawaru.
Okawaru was noncommittal.
You visited 2 branches of the dungeon, and saw 10 of its levels.

You collected 420 gold pieces.
You spent 153 gold pieces at shops.


Innate Abilities, Weirdness & Mutations

You have a pair of horns on your head.
You reflexively headbutt those who attack you in melee.


   Skills:
 + Level 8.0(13.0) Fighting
 - Level 15.9(20.9) Ranged Weapons
 - Level 4.1(9.1) Armour
 - Level 4.1(9.1) Dodging
 - Level 1.0 Spellcasting
 - Level 2.0 Hexes
 - Level 3.7 Invocations


You had 10 spell levels left.
You knew the following spells:

 Your Spells              Type           Power      Damage    Failure   Level
a - Slow                  Hex            16%        N/A       24%         1

Your spell library contained the following spells:

 Spells                   Type           Power      Damage    Failure   Level
 Inner Flame              Hex/Fire       2%         N/A       71%         3
 Portal Projectile        Hex/Tloc       4%         N/A       71%         3
 Cause Fear               Hex            2%         N/A       93%         4

Inventory:

Hand Weapons
 Y - a +1 shortbow (weapon)
Armour
 c - a +4 ring mail (worn)
 e - a +0 pair of boots (worn)
 i - a +1 pair of gloves (worn)
 o - a +2 hat (worn)
Jewellery
 d - a +5 ring of evasion (left hand)
 q - the ring "Viasijan" (right hand) {rPois rN+ rCorr Str+6 Dex-4}
   (You found it on level 5 of the Dungeon)

   [ring of positive energy]

   Str:       It affects your strength (+6).
   Dex:       It affects your dexterity (-4).
   rPois:     It protects you from poison.
   rN:        It protects you from negative energy.
   rCorr:     It protects you from acid and corrosion.
Scrolls
 a - a scroll of identify
Potions
 f - a potion of enlightenment
 g - a potion of lignification {unknown}
 h - 2 potions of might
 j - 2 potions of curing

Dungeon Overview and Level Annotations

Branches:
Dungeon (9/15)             Temple (1/1) D:5
   Lair: D:8-11         Orc: D:9-12

Altars:
Ashenzari
Dithmenos
Elyvilon
Gozag
Hepliaklqana
Kikubaaqudgha
Makhleb
Nemelex Xobeh
Okawaru
Qazlal
Sif Muna
Trog
Vehumet
Wu Jian
Xom
Yredelemnul
Zin
The Shining One

Shops:
D:3 (   D:4 **([   D:5 =:=   D:7 [

Annotations:
D:9 Gastronok, Grum


Message History

You shoot an arrow. The arrow hits the river rat.
The river rat is severely wounded.
You shoot an arrow. The arrow barely misses the river rat.
The arrow hits Gastronok!
Gastronok is moderately wounded.
The river rat completely misses you. You furiously retaliate!
You headbutt the river rat, but do no damage.
You shoot an arrow.
The arrow hits the river rat but does no damage.
The river rat is severely wounded.
You shoot an arrow. The arrow hits the river rat!
You kill the river rat!
The river rat's corpse disappears in a puff of smoke!
A wight comes into view.
It is wielding a +3 halberd of freezing.
You shoot an arrow. The arrow hits Gastronok.
Gastronok is heavily wounded.
A wight comes into view. It is wielding a +0 battleaxe.
You shoot an arrow. The arrow hits Gastronok.
Gastronok is heavily wounded.
You feel like a meek peon again.
8771 ||| INVOKING Heroism.
You gain the combat prowess of a mighty hero.
You can no longer gain great but temporary skills.
Gastronok looks at you while chanting.
You feel yourself slow down.
You shoot an arrow. The arrow hits Gastronok.
Gastronok is heavily wounded.
You shoot an arrow. The arrow hits Gastronok!
Gastronok is heavily wounded.
The wight hits you from afar with a +3 halberd of freezing.
The wight freezes you.
Gastronok casts a spell.
You shoot an arrow. The arrow hits Gastronok!
Gastronok is heavily wounded.
The wight misses you.
You shoot an arrow. The arrow hits Gastronok!
Gastronok is severely wounded.
The quokka bites you but does no damage.
The wight misses you. The wight completely misses you. Gastronok bites you!!
You die...

##########
.........###########
.#######............
############. # ####
##....... #.##..
........
####..z.#######
#.####..
#....zw@......#
#.####..
#.####.r#####.#
#....... #..# #.#
#..#.... #..#
#.###..#.#.# ...#
#......)...) #.$##
#..##..#.### ...
#..##..#.... 7..7
#..##..#####
#..##...


You could see Gastronok, 2 wights and a quokka (summoned).

Vanquished Creatures
  A hornet (D:9)
  3 steam dragons
  Menkaure (D:6)
  A water moccasin (D:6)
  Duvessa (D:7)
  2 orc warriors (D:8)
  2 sky beasts (D:8)
  2 black bears
  An ogre (D:4)
  3 wolves
  A phantom (D:4)
  2 bullfrogs
  9 wights
  3 scorpions
  Dowan (D:7)
  3 killer bees (D:9)
  3 howler monkeys
  3 orc priests
  5 hounds
  2 jellies
  2 sleepcaps (D:5)
  Jessica (D:2)
  5 iguanas
  5 orc wizards
  A hound zombie (D:3)
  9 gnolls
  11 adders
  A white imp (D:6)
  2 ufetubi (D:6)
  2 adder zombies (D:3)
  25 orcs
  8 ball pythons
  10 endoplasms
  4 giant cockroaches
  5 hobgoblins
  4 jackals (D:3)
  3 quokkas
  4 bats
  4 frilled lizards
  5 goblins
  8 kobolds
  6 rats
174 creatures vanquished.

Notes
Turn   | Place    | Note
-------+----------+-------------------------------------------
     0 | D:1      | qw the Minotaur Hexslinger began the quest for the Orb.
     0 | D:1      | Reached XP level 1. HP: 16/16 MP: 1/1
     0 | D:1      | 0 ||| qw: Version: 0.3-a-46-gb1f654a
     0 | D:1      | 0 ||| qw: Game counter: 1677
     0 | D:1      | 0 ||| qw: Melee chars always use a shield: true
     0 | D:1      | 0 ||| qw: God list: Okawaru
     0 | D:1      | 0 ||| qw: Allow faded altars: false
     0 | D:1      | 0 ||| qw: Do Orc after clearing Dungeon:15 true
     0 | D:1      | 0 ||| qw: Do second Lair branch before Depths: true
     0 | D:1      | 0 ||| qw: Lair rune preference: random
     0 | D:1      | 0 ||| qw: Goals: Normal
     0 | D:1      | 0 ||| PLANNING D:1-11
     2 | D:1      | 2 ||| DROPPING scroll of poison.
   174 | D:1      | Reached skill level 3 in Ranged Weapons
   176 | D:1      | Reached XP level 2. HP: 23/23 MP: 2/2
   629 | D:1      | 629 ||| UPGRADING to +5 ring of evasion.
   630 | D:1      | 630 ||| READING 4 scrolls labelled CISAAN ZIQILI.
   631 | D:1      | 631 ||| READING scroll labelled SUNLEL JIMYFRI.
   632 | D:1      | 632 ||| READING 2 scrolls labelled CEAZOE HEUMOK.
   633 | D:1      | 633 ||| DRINKING 2 grey potions.
   738 | D:1      | 738 ||| DROPPING 3 scrolls of revelation.
   739 | D:1      | 739 ||| DROPPING potion of berserk rage.
   740 | D:1      | 740 ||| DROPPING scroll of noise.
   774 | D:2      | Reached XP level 3. HP: 29/29 MP: 3/3
  1084 | D:2      | Reached skill level 4 in Ranged Weapons
  1488 | D:2      | 1488 ||| UPGRADING to +0 ring mail.
  1498 | D:2      | 1498 ||| DROPPING +0 robe.
  1499 | D:2      | 1499 ||| DRINKING 2 dark potions.
  1543 | D:3      | 1543 ||| STAIRDANCE
  1543 | D:3      | Noticed Jessica
  1628 | D:3      | 1628 ||| STAIRDANCE
  1628 | D:3      | HP: 4/29 [orc/+0 flail (8)]
  1736 | D:3      | 1736 ||| STAIRDANCE
  1740 | D:2      | HP: 7/29 [Jessica/+0 dagger (3)]
  1740 | D:2      | HP: 3/29 [Jessica/+0 dagger (4)]
  1741 | D:2      | Killed Jessica
  1742 | D:2      | Reached XP level 4. HP: 4/36 MP: 4/4
  1867 | D:3      | 1867 ||| STAIRDANCE
  1915 | D:3      | 1915 ||| STAIRDANCE
  1933 | D:3      | 1933 ||| STAIRDANCE
  1990 | D:3      | 1990 ||| STAIRDANCE
  2038 | D:3      | 2038 ||| STAIRDANCE
  2100 | D:3      | 2100 ||| STAIRDANCE
  2167 | D:3      | 2167 ||| STAIRDANCE
  2188 | D:3      | 2188 ||| STAIRDANCE
  2245 | D:3      | 2245 ||| STAIRDANCE
  2276 | D:3      | 2276 ||| STAIRDANCE
  2301 | D:3      | 2301 ||| STAIRDANCE
  2352 | D:3      | Found Jamuut's Antique Weapon Shop.
  2386 | D:3      | Reached skill level 5 in Ranged Weapons
  2391 | D:3      | Found a basalt altar of Yredelemnul.
  2409 | D:3      | Reached XP level 5. HP: 41/42 MP: 5/5
  2533 | D:3      | Found a faded altar of an unknown god.
  2582 | D:3      | Reached skill level 3 in Fighting
  2883 | D:3      | 2883 ||| UPGRADING to +4 ring mail.
  2893 | D:3      | 2893 ||| DROPPING +0 ring mail.
  2907 | D:4      | Found Jiroelou's Weapon Shoppe.
  2921 | D:4      | 2921 ||| BUYING +0 shortbow (42 gold).
  2921 | D:4      | Bought a +0 shortbow for 42 gold pieces
  2921 | D:4      | 2921 ||| SHOPLISTING +8 longbow "Zephyr" {speed, Dex+3
                  | SInv} (1078 gold, have 106).
  2921 | D:4      | 2921 ||| SWAPPING to +0 shortbow.
  2922 | D:4      | 2922 ||| DROPPING +1 sling.
  2978 | D:4      | Found Zusim's Armour Emporium.
  2988 | D:4      | Noticed a black bear
  2993 | D:4      | Reached skill level 6 in Ranged Weapons
  2997 | D:4      | Killed a black bear
  2998 | D:4      | Reached XP level 6. HP: 37/52 MP: 6/6
  3091 | D:4      | 3091 ||| BUYING +0 pair of gloves (63 gold).
  3091 | D:4      | Bought a +0 pair of gloves for 63 gold pieces
  3091 | D:4      | 3091 ||| SHOPLISTING +1 pair of gloves (161 gold, have 59).
  3098 | D:4      | Found a sparkling altar of Nemelex Xobeh.
  3107 | D:4      | Found Wutihiz's Assorted Antiques.
  3111 | D:4      | Found Zucait's General Store.
  3121 | D:4      | 3121 ||| BUYING 2 bubbling silvery potions (48 gold).
  3121 | D:4      | Bought 2 bubbling silvery potions for 48 gold pieces
  3121 | D:4      | 3121 ||| SHOPLISTING curved bronze wand (108 gold, have
                  | 11).
  3121 | D:4      | 3121 ||| SHOPLISTING murky pink potion (24 gold, have 11).
  3121 | D:4      | 3121 ||| SHOPLISTING potion of curing (81 gold, have 11).
  3121 | D:4      | 3121 ||| SHOPLISTING scroll labelled MULUNI DOQEI (27 gold,
                  | have 11).
  3121 | D:4      | 3121 ||| SHOPLISTING viscous blue potion (24 gold, have
                  | 11).
  3126 | D:4      | 3126 ||| SHOPLISTING +0 cloak (54 gold, have 11).
  3126 | D:4      | 3126 ||| SHOPLISTING potion of curing (36 gold, have 11).
  3126 | D:4      | 3126 ||| SHOPLISTING ring of see invisible (180 gold, have
                  | 11).
  3126 | D:4      | 3126 ||| SHOPLISTING scroll of identify (24 gold, have 11).
  3266 | D:4      | Reached skill level 7 in Ranged Weapons
  3375 | D:4      | Reached XP level 7. HP: 52/59 MP: 7/7
  3717 | D:4      | Found a stormy altar of Qazlal.
  3721 | D:4      | 3721 ||| UPGRADING to +0 pair of gloves.
  3726 | D:4      | 3726 ||| READING 2 scrolls labelled OSAEPN ZOIFRINA.
  3727 | D:4      | 3727 ||| READING scroll labelled WIJUSCH PUTOO.
  3728 | D:4      | 3728 ||| DRINKING 2 brown potions.
  3729 | D:4      | 3729 ||| DRINKING 3 bubbling silvery potions.
  3766 | D:5      | Entered Level 5 of the Dungeon
  3845 | D:5      | Reached skill level 8 in Ranged Weapons
  4060 | D:5      | Found Anigguli's Book Shoppe.
  4060 | D:5      | Found Fit Oschi's Jewellery Shoppe.
  4063 | D:5      | Found Itiagg's Jewellery Shoppe.
  4070 | D:5      | 4070 ||| FLEEEEING.
  4071 | D:5      | 4071 ||| FLEEEEING.
  4072 | D:5      | 4072 ||| FLEEEEING.
  4074 | D:5      | 4074 ||| FLEEEEING.
  4075 | D:5      | 4075 ||| FLEEEEING.
  4076 | D:5      | 4076 ||| FLEEEEING.
  4077 | D:5      | 4077 ||| FLEEEEING.
  4078 | D:5      | 4078 ||| FLEEEEING.
  4079 | D:5      | 4079 ||| FLEEEEING.
  4080 | D:5      | 4080 ||| FLEEEEING.
  4081 | D:5      | 4081 ||| FLEEEEING.
  4082 | D:5      | 4082 ||| FLEEEEING.
  4083 | D:5      | 4083 ||| FLEEEEING.
  4084 | D:5      | 4084 ||| FLEEEEING.
  4085 | D:5      | 4085 ||| FLEEEEING.
  4087 | D:5      | 4087 ||| FLEEEEING.
  4088 | D:5      | 4088 ||| FLEEEEING.
  4089 | D:5      | 4089 ||| FLEEEEING.
  4090 | D:5      | 4090 ||| FLEEEEING.
  4091 | D:5      | 4091 ||| FLEEEEING.
  4092 | D:5      | 4092 ||| FLEEEEING.
  4202 | D:5      | 4202 ||| FLEEEEING.
  4203 | D:5      | 4203 ||| FLEEEEING.
  4414 | D:5      | Noticed a shadow
  4416 | D:5      | Found a shadowy altar of Dithmenos.
  4417 | D:5      | Found a hazy altar of Hepliaklqana.
  4491 | D:5      | Identified the ring "Viasijan" {rPois rN+ rCorr Str+6
                  | Dex-4}
  4773 | D:5      | Found a staircase to the Ecumenical Temple.
  4774 | D:5      | 4774 ||| PLANNING TEMPLE
  4774 | D:5      | 4774 ||| UPGRADING to +2 hat.
  4779 | D:5      | 4779 ||| UPGRADING to ring "Viasijan" {rPois rN+ rCorr
                  | Str+6 Dex-4}.
  4780 | D:5      | 4780 ||| READING scroll labelled OBYDGH KUKLURCH.
  4783 | D:5      | 4783 ||| READING scroll labelled WIGYKL UWEICWU.
  4870 | D:5      | 4870 ||| DRINKING 2 viscous blue potions.
  4871 | D:5      | 4871 ||| DRINKING 2 green potions.
  4872 | D:5      | 4872 ||| READING 2 scrolls of identify.
  4872 | D:5      | 4872 ||| IDENTIFYING blue potion
  4873 | D:5      | 4873 ||| DROPPING potion of invisibility.
  4874 | D:5      | 4874 ||| DROPPING potion of degeneration.
  4915 | Temple   | Entered the Ecumenical Temple
  4924 | Temple   | 4924 ||| PLANNING OKAWARU WORSHIP
  4967 | Temple   | Became a worshipper of Warmaster Okawaru
  4968 | Temple   | 4968 ||| PLANNING D:1-11
  5156 | D:5      | 5156 ||| SHOPLISTING amulet of Elemental Vulnerability
                  | {rPois rF-- rC-- AC+8} (421 gold, have 93).
  5156 | D:5      | 5156 ||| SHOPLISTING amulet of Untruth {Reflect -Tele rF++
                  | Slay+6 SH+5} (799 gold, have 93).
  5156 | D:5      | 5156 ||| SHOPLISTING ring of fire (275 gold, have 93).
  5156 | D:5      | 5156 ||| SHOPLISTING ring of ice (275 gold, have 93).
  5156 | D:5      | 5156 ||| SHOPLISTING ring of resist corrosion (220 gold,
                  | have 93).
  5221 | D:6      | Reached skill level 9 in Ranged Weapons
  5221 | D:6      | Reached XP level 8. HP: 68/68 MP: 8/8
  5245 | D:6      | Reached skill level 6 in Fighting
  5499 | D:6      | 5499 ||| DRINKING 2 sedimented cyan potions.
  5500 | D:6      | 5500 ||| DROPPING potion of attraction.
  5508 | D:6      | 5508 ||| STAIRDANCE
  5511 | D:5      | 5511 ||| SHOPLISTING +5 ring of evasion (360 gold, have
                  | 102).
  5511 | D:5      | 5511 ||| SHOPLISTING +6 ring of strength (360 gold, have
                  | 102).
  5511 | D:5      | 5511 ||| SHOPLISTING amulet of regeneration (300 gold, have
                  | 102).
  5511 | D:5      | 5511 ||| SHOPLISTING ring "Nianir" {rCorr Dex+5} (375 gold,
                  | have 102).
  5511 | D:5      | 5511 ||| SHOPLISTING ring of protection from cold (250
                  | gold, have 102).
  5511 | D:5      | 5511 ||| SHOPLISTING ring of see invisible (150 gold, have
                  | 102).
  5638 | D:6      | Found an opulent altar of Gozag.
  5745 | D:6      | Noticed Menkaure
  5748 | D:6      | 5748 ||| FLEEEEING.
  5770 | D:6      | Killed Menkaure
  5770 | D:6      | Reached * piety under Okawaru
  5771 | D:6      | Reached skill level 10 in Ranged Weapons
  6144 | D:6      | 6144 ||| UPGRADING to +0 pair of boots.
  6149 | D:6      | 6149 ||| READING scroll labelled ONATEASIPS.
  6150 | D:6      | 6150 ||| DRINKING 2 lumpy coppery potions.
  6151 | D:6      | 6151 ||| DRINKING 3 potions of curing.
  6151 | D:6      | 6151 ||| (to cure confusion)
  6152 | D:6      | 6152 ||| DROPPING potion of ambrosia.
  6185 | D:7      | Reached skill level 1 in Invocations
  6235 | D:7      | 6235 ||| INVOKING Heroism.
  6238 | D:7      | HP: 12/68 [wight/+4 great sword of freezing (16)]
  6238 | D:7      | HP: 4/66 [wight/+4 great sword of freezing (6)]
  6239 | D:7      | 6239 ||| DRINKING potion of heal wounds.
  6247 | D:7      | HP: 14/65 [wight/+0 spear (7)]
  6440 | D:7      | Reached skill level 3 in Armour
  6485 | D:7      | 6485 ||| INVOKING Heroism.
  6490 | D:7      | Reached skill level 3 in Dodging
  6594 | D:7      | 6594 ||| Stepping ~*~*~tactically~*~*~ (cloud).
  6596 | D:7      | 6596 ||| INVOKING Heroism.
  6597 | D:7      | 6597 ||| Stepping ~*~*~tactically~*~*~ (cloud).
  6606 | D:7      | Reached skill level 3 in Invocations
  6606 | D:7      | Reached XP level 9. HP: 55/74 MP: 8/10
  6606 | D:7      | 6606 ||| Stepping ~*~*~tactically~*~*~ (cloud).
  6749 | D:7      | Noticed Duvessa
  6749 | D:7      | Noticed Dowan
  6750 | D:7      | 6750 ||| INVOKING Heroism.
  6762 | D:7      | Killed Duvessa
  6778 | D:7      | 6778 ||| INVOKING Heroism.
  6780 | D:7      | Killed Dowan
  6941 | D:7      | Found a white marble altar of Elyvilon.
  6941 | D:7      | Found a glowing silver altar of Zin.
  6941 | D:7      | Found a glowing golden altar of the Shining One.
  6980 | D:7      | 6980 ||| Stepping ~*~*~tactically~*~*~ (cloud).
  6982 | D:7      | 6982 ||| Stepping ~*~*~tactically~*~*~ (cloud).
  6993 | D:7      | 6993 ||| Stepping ~*~*~tactically~*~*~ (cloud).
  7238 | D:7      | Found Vothroty's Antique Armour Shoppe.
  7245 | D:7      | 7245 ||| SHOPLISTING embroidered cloak (217 gold, have
                  | 201).
  7245 | D:7      | 7245 ||| SHOPLISTING pair of glowing gloves (217 gold, have
                  | 201).
  7245 | D:7      | 7245 ||| SHOPLISTING pair of runed gloves (217 gold, have
                  | 201).
  7245 | D:7      | 7245 ||| SHOPLISTING spiked ring mail (261 gold, have 201).
  7335 | D:7      | 7335 ||| READING 2 scrolls of identify.
  7335 | D:7      | 7335 ||| IDENTIFYING bubbling golden potion
  7336 | D:7      | 7336 ||| DRINKING potion of experience.
  7336 | D:7      | Reached skill level 15 in Ranged Weapons
  7336 | D:7      | Reached XP level 10. HP: 86/86 MP: 11/11
  7523 | D:8      | 7523 ||| INVOKING Heroism.
  7544 | D:8      | Found an ornate altar of the Wu Jian Council.
  7885 | D:8      | 7885 ||| FLEEEEING.
  7886 | D:8      | 7886 ||| FLEEEEING.
  7887 | D:8      | 7887 ||| FLEEEEING.
  7888 | D:8      | 7888 ||| FLEEEEING.
  7889 | D:8      | 7889 ||| FLEEEEING.
  7890 | D:8      | 7890 ||| FLEEEEING.
  7891 | D:8      | 7891 ||| FLEEEEING.
  7892 | D:8      | 7892 ||| FLEEEEING.
  7893 | D:8      | 7893 ||| FLEEEEING.
  7894 | D:8      | 7894 ||| FLEEEEING.
  7895 | D:8      | 7895 ||| FLEEEEING.
  7896 | D:8      | 7896 ||| FLEEEEING.
  7897 | D:8      | 7897 ||| FLEEEEING.
  7898 | D:8      | 7898 ||| FLEEEEING.
  7899 | D:8      | 7899 ||| FLEEEEING.
  7900 | D:8      | 7900 ||| FLEEEEING.
  7901 | D:8      | 7901 ||| FLEEEEING.
  7902 | D:8      | 7902 ||| FLEEEEING.
  7903 | D:8      | 7903 ||| FLEEEEING.
  7904 | D:8      | 7904 ||| FLEEEEING.
  7905 | D:8      | 7905 ||| FLEEEEING.
  7906 | D:8      | 7906 ||| STAIRDANCE
  7935 | D:7      | 7935 ||| READING scroll labelled OFIQIT MUGROPN.
  7936 | D:7      | 7936 ||| READING scroll labelled TUGUPHONGE.
  7943 | D:8      | 7943 ||| STAIRDANCE
  8083 | D:8      | 8083 ||| UPGRADING to +1 pair of gloves.
  8093 | D:8      | 8093 ||| DROPPING +0 pair of gloves.
  8115 | D:9      | Noticed Grum
  8115 | D:9      | Noticed Gastronok
  8116 | D:9      | 8116 ||| INVOKING Heroism.
  8123 | D:9      | 8123 ||| STAIRDANCE
  8128 | D:8      | HP: 17/88 [wolf[Grum] (7)]
  8129 | D:8      | 8129 ||| READING 2 scrolls of teleportation.
  8129 | D:8      | HP: 7/88 [wolf[Grum] (7)]
  8130 | D:8      | 8130 ||| DRINKING potion of heal wounds.
  8188 | D:8      | 8188 ||| INVOKING Heroism.
  8357 | D:9      | 8357 ||| Stepping ~*~*~tactically~*~*~ (outnumbered).
  8359 | D:9      | 8359 ||| Stepping ~*~*~tactically~*~*~ (outnumbered).
  8361 | D:9      | 8361 ||| Stepping ~*~*~tactically~*~*~ (outnumbered).
  8363 | D:9      | 8363 ||| Stepping ~*~*~tactically~*~*~ (outnumbered).
  8364 | D:9      | 8364 ||| INVOKING Heroism.
  8382 | D:9      | HP: 22/88 [orc warrior/+0 trident (7)]
  8383 | D:9      | 8383 ||| READING scroll of teleportation.
  8392 | D:9      | HP: 21/88 [killer bee (1)]
  8398 | D:9      | HP: 16/88 [poisoned by a killer bee]
  8402 | D:9      | HP: 4/88 [killer bee (8)]
  8744 | D:9      | 8744 ||| INVOKING Heroism.
  8763 | D:9      | HP: 18/88 [Gastronok/the air (15)]
  8771 | D:9      | 8771 ||| INVOKING Heroism.
  8773 | D:9      | HP: 17/88 [wight/+3 halberd of freezing (4)]
  8775 | D:9      | Mangled by Gastronok

Levels and vault maps discovered:
D:1:      scummos_arrival_star, layout_basic, hex_medium
D:2:      layout_loops_cross, serial_glass, glass_columns_b, glass_columns_b
D:3:      layout_rooms, nicolae_yredelemnul_corpse_copse,
          nicolae_ecumenical_lake_church, serial_shops, shop, uniq_jessica
D:4:      layout_basic, marbit_many_paths, lemuel_doored_altar, serial_shops,
          shop, shop, shop, shop
D:5:      layout_basic, riverfiend_overflow_shadow_ancestor,
          minmay_temple_entry_nine_rooms, nicolae_shop_distant_corner_stores
D:6:      layout_cave_pools, grunt_gozag_statues,
          chequers_serial_rivers_small_3, uniq_menkaure
D:7:      layout_basic, dreamdust_divine_triumvirate, serial_shops,
          kennysheep_little_box, hellmonk_bongcloud_opening, uniq_duvessa
D:8:      layout_basic, kennysheep_mini
D:9:      layout_loops_ring, fedhas_altar_4, lemuel_coloured_pillars_altar,
          uniq_grum, uniq_gastronok
Temple:   hellmonk_temple_of_storms

Skill      XL: |  1  2  3  4  5  6  7  8  9 10 |
---------------+-------------------------------+-----
Ranged Weapons | 3 4 5 6 7 9 10 15 | 15.9
Fighting       | 2 4 5 6 7 8 |  8.0
Armour         | 2 3 4 |  4.1
Invocations    | 3 |  3.7
Dodging        | 3 4 |  4.1
Spellcasting   | |  1.0
Hexes          | |  2.0

Action                     |  1- 3 |  4- 6 |  7- 9 | 10-12 || total
---------------------------+-------+-------+-------+-------++-------
   Fire: Sling             |   128 |   124 |       |       ||   252
         Shortbow          |       |    79 |   339 |   231 ||   649
 Invoke: Heroism           |       |       |     5 |     6 ||    11
    Use: Scroll            |     3 |       |     7 |     4 ||    14
         Potion            |     2 |       |     9 |     1 ||    12
 Armour: Robe              |    13 |       |       |       ||    13
         Ring mail         |     1 |    37 |    89 |    35 ||   162
  Dodge: Dodged            |    64 |   138 |   178 |   101 ||   481

Table legend:
 A = Non-vault XP
 B = Vault XP
 C = Vault XP percentage of total XP
 D = Non-vault monster count
 E = Vault monster count
 F = Vault count percentage of total count
                 A         B        C        D         E       F
            +---------+---------+-------+---------+---------+-------
      Total |    4668 |     804 |  14.7 |     163 |      11 |   6.3
            +---------+---------+-------+---------+---------+-------
        D:1 |      36 |       0 |   0.0 |      24 |       0 |   0.0
        D:2 |      52 |      37 |  41.6 |      16 |       1 |   5.9
        D:3 |     129 |      33 |  20.4 |      24 |       3 |  11.1
        D:4 |     614 |       2 |   0.3 |      24 |       1 |   4.0
        D:5 |     457 |       0 |   0.0 |      21 |       0 |   0.0
        D:6 |     710 |     172 |  19.5 |      13 |       1 |   7.1
        D:7 |     804 |     209 |  20.6 |       9 |       2 |  18.2
        D:8 |    1242 |     235 |  15.9 |      21 |       2 |   8.7
        D:9 |     624 |     116 |  15.7 |      11 |       1 |   8.3
            +---------+---------+-------+---------+---------+-------
